 Dungeon Crawl Stone Soup version 0.30.1-6-gbe392663c4 (webtiles) character file.

Game seed: 6386538048192528076

1192 booth the Chopper (level 8, -1/50 (57) HPs)
             Began as a Gnoll Reaver on Sept 20, 2023.
             Was a Believer of Hepliaklqana.
             Slain by a hell rat (9 damage)
             ... on level 6 of the Dungeon.
             The game lasted 00:32:24 (4894 turns).

booth the Chopper (Gnoll Reaver)                    Turns: 4894, Time: 00:32:24

HP:   -1/50 (57)    AC: 11    Str: 12    XL:     8   Next: 43%
MP:   16/17         EV: 13    Int: 12    God:    Hepliaklqana [**....]
Gold: 316           SH:  0    Dex: 13    Spells: 9/19 levels left

rFire   + . .        q - +0 war axe
rCold   . . .        (no shield)
rNeg    . . .        b - +2 leather armour
rPois   .            f - +2 helmet
rElec   .            (no cloak)
rCorr   +            k - +2 pair of gloves
SInv    .            (no boots)
Will    .....        (no amulet)
Stlth   ++           e - ring of protection from fire
HPRegen 0.28/turn    l - ring of resist corrosion
MPRegen 0.15/turn

%: no passive effects
@: wereblooded, hasted, heavily drained, very quick
A: reduced essence, fangs 1, strong nose, distributed training
a: Renounce Religion, Recall Ancestor, Ancestor Identity


You were on level 6 of the Dungeon.
You worshipped Hepliaklqana.
Hepliaklqana was pleased with you.
You visited 1 branch of the dungeon, and saw 6 of its levels.

You collected 316 gold pieces.

Inventory:

Hand Weapons
 a - a +0 hand axe
 q - a +0 war axe (weapon)
Missiles
 m - 3 poisoned darts
 p - a boomerang (quivered)
 r - 3 javelins
 w - 3 throwing nets
Armour
 b - a +2 leather armour (worn)
 f - a +2 helmet (worn)
 k - a +2 pair of gloves (worn)
Jewellery
 e - a ring of protection from fire (left hand)
 l - a ring of resist corrosion (right hand)
Wands
 t - a wand of digging (5)
Scrolls
 d - 4 scrolls of teleportation
 g - a scroll of poison {unknown}
 o - 3 scrolls of vulnerability
Potions
 i - a potion of berserk rage
 n - a potion of flight {unknown}
 s - a potion of lignification {unknown}


   Skills:
 + Level 5.7 Fighting
 + Level 3.4 Short Blades
 + Level 3.4 Long Blades
 + Level 7.4 Axes
 + Level 3.4 Maces & Flails
 + Level 3.4 Polearms
 + Level 3.4 Staves
 + Level 3.4 Ranged Weapons
 + Level 3.4 Throwing
 + Level 3.4 Armour
 + Level 5.7 Dodging
 + Level 3.4 Stealth
 + Level 3.4 Shields
 + Level 3.4 Unarmed Combat
 + Level 6.1 Spellcasting
 + Level 6.2 Conjurations
 + Level 2.7 Hexes
 + Level 2.7 Summonings
 + Level 2.7 Necromancy
 + Level 2.7 Translocations
 + Level 2.7 Transmutations
 + Level 2.7 Fire Magic
 + Level 2.7 Ice Magic
 + Level 2.7 Air Magic
 + Level 2.7 Earth Magic
 + Level 2.7 Poison Magic
 + Level 3.7 Invocations
 + Level 3.4 Evocations


You had 9 spell levels left.
You knew the following spells:

 Your Spells              Type           Power      Damage    Failure   Level
a - Kiss of Death         Conj/Necr      56%        2d9       3%          1
b - Momentum Strike       Conj/Tloc      28%        3d8       5%          2
c - Hailstorm             Conj/Ice       14%        3d5       11%         3
d - Apportation           Tloc           20%        N/A       8%          1
e - Necrotise             Necr           40%        1d6       8%          1
f - Wereblood             Tmut           10%        N/A       11%         2

Your spell library contained the following spells:

 Spells                   Type           Power      Damage    Failure   Level
 Summon Small Mammal      Summ           40%        N/A       8%          1
 Sublimation of Blood     Necr           10%        N/A       11%         2
 Call Canine Familiar     Summ           10%        N/A       22%         3
 Inner Flame              Hex/Fire       10%        N/A       22%         3
 Portal Projectile        Hex/Tloc       20%        N/A       22%         3
 Vampiric Draining        Necr           10%        2d6       22%         3
 Leda's Liquefaction      Hex/Erth       5%         N/A       58%         4
 Agony                    Necr           10%        N/A       90%         5
 Yara's Violent Unravell  Hex/Tmut       5%         3d4       90%         5
 Enfeeble                 Hex            5%         N/A       100%        7
 Summon Hydra             Summ           5%         N/A       100%        7


Dungeon Overview and Level Annotations

Branches:
Dungeon (6/15)             Temple (0/1) D:6

Altars:
Hepliaklqana


Innate Abilities, Weirdness & Mutations

Your life essence is reduced to manifest your ancestor. (-10% HP)
You have very sharp teeth.
Your uncanny sense of smell can sniff out nearby items.
Your experience applies equally to all skills.


Message History

The stone arrow misses the hell rat.
The hell rat attacks as you move away! The hell rat barely misses you.
The hell rat bites Xochipa!
Xochipa points at the hell rat and mumbles some strange words.
The puff of frost hits the hell rat!
The hell rat dies!
A river rat comes into view.
Things that are here:
a hell rat corpse; a river rat corpse You hit the hell rat.
The hell rat is lightly wounded.
You slash the river rat! The hell rat bites you.
Xochipa gestures at the hell rat while chanting.
The stone arrow hits the hell rat!
The hell rat closely misses you.
You hit the hell rat.
You feel a bit better.
You kill the hell rat!
You closely miss the hell rat.
You howl as the wereblood boils in your veins!
Xochipa gestures at the hell rat while chanting.
The stone arrow hits the hell rat.
The hell rat bites you!
You feel drained.
You closely miss the river rat.
The river rat is almost dead.
You hit the hell rat but do no damage.
Xochipa closely misses the hell rat.
The river rat completely misses you.
The hell rat bites Xochipa!!
Xochipa is destroyed!
You hit the river rat.
You feel a bit better.
You kill the river rat!
You barely miss the hell rat. The hell rat bites you!
* * * LOW HITPOINT WARNING * * *
You feel drained.
* * * LOW HITPOINT WARNING * * *
You feel yourself speed up.
You howl as the wereblood boils in your veins!
The hell rat misses you.
A river rat comes into view.
You hit the hell rat.
The hell rat is heavily wounded.
You hit the hell rat but do no damage. You completely miss the river rat.
The hell rat misses you. The hell rat bites you!
You die...

##...#.###.#..## #.......
##.###### #####.## #.......
#.######. ##.####.......
##.†##... ∆##.†###+#...#
###.##.r# ###.##......
##.##..rr ##.##.##.###
#.##.#.#r#######.#.#.......
##.##...#rr.##..####.#####.
#..# #rrr@††.####.......##
#..########### #.#.##### ###.#
#########.#.### ########.#
#.........#...
.........#####.........#.###
#########.##.................#
......#.#.##............####.#
.######...##............#
.#######'####'##........#


You could see 2 hell rats and 7 river rats.

Vanquished Creatures
  A water moccasin (D:5)
  A black bear (D:5)
  2 ogres
  A centaur (D:6)
  2 scorpions (D:5)
  A jelly (D:5)
  2 orc priests (D:5)
  Terence (D:3)
  An orc wizard (D:3)
  A hell rat (D:6)
  2 gnolls (D:5)
  6 adders
  7 river rats (D:6)
  A worm (D:4)
  2 dart slugs
  10 orcs
  6 endoplasms
  4 giant cockroaches
  2 goblins
  9 hobgoblins
  10 jackals
  8 kobolds
  5 quokkas
  6 ball pythons
  4 bats
  A frilled lizard (D:2)
  A rat (D:3)
97 creatures vanquished.

Vanquished Creatures (collateral kills)
  A hound (D:5)
  A jelly (D:5)
  A sleepcap (D:5)
  An orc wizard (D:5)
  3 hell rats (D:6)
  2 gnolls (D:5)
  3 river rats (D:6)
  2 orcs
  An endoplasm (D:3)
  A jackal (D:4)
  A ball python (D:4)
17 creatures vanquished.

Vanquished Creatures (others)
  3 battlemagi
  An ancestor (D:5)
4 creatures vanquished.

Grand Total: 118 creatures vanquished

Notes
Turn   | Place    | Note
-------+----------+-------------------------------------------
     0 | D:1      | booth the Gnoll Reaver began the quest for the Orb.
     0 | D:1      | Reached XP level 1. HP: 20/20 MP: 6/6
   198 | D:1      | Reached XP level 2. HP: 23/26 MP: 7/7
   202 | D:1      | Learned a level 2 spell: Momentum Strike
   611 | D:1      | Reached skill level 5 in Spellcasting
   611 | D:1      | Reached XP level 3. HP: 31/31 MP: 7/9
   951 | D:2      | Reached skill level 1 in Invocations
  1192 | D:2      | Reached skill level 1 in Short Blades
  1192 | D:2      | Reached skill level 1 in Long Blades
  1192 | D:2      | Reached skill level 1 in Maces & Flails
  1192 | D:2      | Reached skill level 1 in Polearms
  1192 | D:2      | Reached skill level 1 in Staves
  1192 | D:2      | Reached skill level 1 in Ranged Weapons
  1192 | D:2      | Reached skill level 1 in Throwing
  1192 | D:2      | Reached skill level 1 in Armour
  1192 | D:2      | Reached skill level 1 in Stealth
  1192 | D:2      | Reached skill level 1 in Shields
  1192 | D:2      | Reached skill level 1 in Unarmed Combat
  1192 | D:2      | Reached skill level 1 in Evocations
  1197 | D:2      | Learned a level 3 spell: Hailstorm
  1754 | D:2      | Reached XP level 4. HP: 37/38 MP: 11/11
  2133 | D:3      | Reached skill level 1 in Hexes
  2133 | D:3      | Reached skill level 1 in Summonings
  2133 | D:3      | Reached skill level 1 in Necromancy
  2133 | D:3      | Reached skill level 1 in Translocations
  2133 | D:3      | Reached skill level 1 in Transmutations
  2133 | D:3      | Reached skill level 1 in Fire Magic
  2133 | D:3      | Reached skill level 1 in Ice Magic
  2133 | D:3      | Reached skill level 1 in Air Magic
  2133 | D:3      | Reached skill level 1 in Earth Magic
  2133 | D:3      | Reached skill level 1 in Poison Magic
  2286 | D:3      | Identified the +0 robe of Music {rC++ rCorr MP+9 Dex-5}
  2305 | D:3      | Learned a level 1 spell: Apportation
  2307 | D:3      | Learned a level 1 spell: Necrotise
  2307 | D:3      | Found a faded altar of an unknown god.
  2318 | D:3      | Prayed at the altar of an unknown god.
  2318 | D:3      | Became a worshipper of Hepliaklqana the Forgotten
  2318 | D:3      | Reached * piety under Hepliaklqana
  2379 | D:3      | Reached XP level 5. HP: 38/38 MP: 12/12
  2379 | D:3      | Noticed Terence
  2393 | D:3      | Killed Terence
  2662 | D:4      | Noticed an ogre
  2670 | D:4      | Killed an ogre
  2671 | D:4      | Reached XP level 6. HP: 45/45 MP: 13/13
  2745 | D:4      | Learned a level 2 spell: Wereblood
  3047 | D:4      | Identified the +4 sling of Indomitability {antimagic,
                  | *Corrode Will+ Str+5}
  3213 | D:4      | Reached skill level 5 in Fighting
  3213 | D:4      | Reached skill level 5 in Dodging
  3426 | D:5      | Entered Level 5 of the Dungeon
  3785 | D:5      | Noticed a black bear
  3794 | D:5      | Killed a black bear
  3873 | D:5      | Reached skill level 7 in Axes
  3873 | D:5      | Reached XP level 7. HP: 41/50 MP: 15/15
  3965 | D:5      | Reached ** piety under Hepliaklqana
  3966 | D:5      | Remembered your ancestor Xochipa as a battlemage
  4506 | D:5      | Reached XP level 8. HP: 56/56 MP: 16/16
  4659 | D:6      | Found a staircase to the Ecumenical Temple.
  4894 | D:6      | Slain by a hell rat

Illustrated notes

Levels and vault maps discovered:
D:1:      dpeg_arrival_another_circle, layout_basic, minmay_misc_feat_rows
D:2:      layout_basic, serial_forest, infiniplex_forest_clump_medium,
          infiniplex_forest_straight_3, infiniplex_forest_lined_4_way,
          infiniplex_forest_end_double, infiniplex_forest_lined_2,
          infiniplex_forest_clump_C
D:3:      layout_loops_cross, chequers_ecumenical_altar_simple, uniq_terence
D:4:      layout_basic
D:5:      layout_loops_ring
D:6:      wander_guarded_unrand_ratskin, layout_basic,
          mainiacjoe_overflow_tiny_flanked, gammafunk_temple_overflow_wave,
          minmay_temple_entry_glassed_door, chequers_ossuary_entry_cave,
          nicolae_stop_n_shop_2, minmay_quadrilaterals

Skill      XL: |  1  2  3  4  5  6  7  8 |
---------------+-------------------------+-----
Spellcasting   | 5 6 |  6.1
Invocations    | 1 2 3 |  3.7
Short Blades   | 1 2 3 |  3.4
Long Blades    | 1 2 3 |  3.4
Maces & Flails | 1 2 3 |  3.4
Polearms       | 1 2 3 |  3.4
Staves         | 1 2 3 |  3.4
Ranged Weapons | 1 2 3 |  3.4
Throwing       | 1 2 3 |  3.4
Armour         | 1 2 3 |  3.4
Stealth        | 1 2 3 |  3.4
Shields        | 1 2 3 |  3.4
Unarmed Combat | 1 2 3 |  3.4
Evocations     | 1 2 3 |  3.4
Hexes          | 1 2 |  2.7
Summonings     | 1 2 |  2.7
Necromancy     | 1 2 |  2.7
Translocations | 1 2 |  2.7
Transmutations | 1 2 |  2.7
Fire Magic     | 1 2 |  2.7
Ice Magic      | 1 2 |  2.7
Air Magic      | 1 2 |  2.7
Earth Magic    | 1 2 |  2.7
Poison Magic   | 1 2 |  2.7
Fighting       | 5 |  5.7
Dodging        | 5 |  5.7
Axes           | 7 |  7.4
Conjurations   | 6 |  6.2

Action                     |  1- 3 |  4- 6 |  7- 9 || total
---------------------------+-------+-------+-------++-------
  Melee: Hand axe          |   151 |    47 |       ||   198
         Bite              |     8 |    14 |    10 ||    32
         War axe           |       |    96 |    64 ||   160
         Punch             |       |     1 |     3 ||     4
  Throw: Dart              |       |    10 |       ||    10
         Javelin           |       |     5 |     2 ||     7
         Boomerang         |       |     2 |    17 ||    19
   Cast: Momentum Strike   |       |     2 |       ||     2
         Necrotise         |       |     1 |     1 ||     2
         Wereblood         |       |       |     1 ||     1
 Invoke: Ancestor Identity |       |     1 |       ||     1
         Recall Ancestor   |       |     1 |     1 ||     2
         Ancestor Life: Ba |       |       |     1 ||     1
    Use: Scroll            |     2 |     3 |     3 ||     8
         Potion            |     1 |     2 |     5 ||     8
   Stab: Sleeping          |       |     4 |     3 ||     7
         Distracted        |       |       |     3 ||     3
 Armour: Leather armour    |    49 |    48 |    17 ||   114
  Dodge: Dodged            |    85 |    98 |    32 ||   215
